 Dungeon Crawl Stone Soup version 0.16-a0-3699-g1c51eb1 (webtiles) character file.

92 Rebelfire the Firebug (level 4, -4/34 HPs)
             Began as a Hill Orc Fire Elementalist on Jan 16, 2015.
             Slain by Crazy Yiuf
             ... wielding a +2 quarterstaff of chaos
              (14 damage)
             ... on level 2 of the Dungeon on Jan 18, 2015.
             The game lasted 00:34:59 (2489 turns).

Rebelfire the Firebug (Hill Orc Fire Elementalist)  Turns: 2489, Time: 00:34:59

Health: -4/34      AC:  2    Str: 10    XL:     4   Next: 60%
Magic:  0/7        EV: 12    Int: 16    God:
Gold:   76         SH:  0    Dex: 11    Spells: 3 memorised, 1 level left

rFire  . . .     SeeInvis .       - Unarmed
rCold  . . .     Clarity  .     a - +0 robe
rNeg   . . .     SustAb   .     (no shield)
rPois  .         Gourm    .     (no helmet)
rElec  .         Spirit   .     (no cloak)
rCorr  .         Warding  .     (no gloves)
rMut   .         Stasis   .     (no boots)
MR     .....                    d - amulet of regeneration
Stlth  ++........               h - ring of wizardry
                                f - ring of wizardry

@: not resistant to hostile enchantments, unstealthy
A: no striking features
a: no special abilities


You were on level 2 of the Dungeon.
You were not hungry.

You visited 1 branch of the dungeon, and saw 2 of its levels.

You collected 76 gold pieces.

Inventory:

Armour
 a - a +0 robe (worn)
Jewellery
 d - an amulet of regeneration (around neck)
 f - a ring of wizardry (left hand)
 h - a ring of wizardry (right hand)
Scrolls
 e - 3 scrolls of fog {unknown}
 l - a scroll of enchant armour {unknown}
Potions
 c - a potion of flight {unknown}
 g - a potion of restore abilities {unknown}
 k - a potion of magic {unknown}
 m - a potion of invisibility {unknown}
Books
 b - a book of Flames

   Spells                             Type                      Level
   a - Flame Tongue                   Conjuration/Fire             1
   b - Throw Flame                    Conjuration/Fire             2
   c - Conjure Flame                  Conjuration/Fire             3
   d - Inner Flame                    Hexes/Fire                   3
   e - Sticky Flame                   Conjuration/Fire             4
   f - Fireball                       Conjuration/Fire             5
Comestibles
 i - 2 bread rations
 j - a meat ration


   Skills:
 + Level 0.5 Fighting
 + Level 2.0 Dodging
 - Level 1.7 Stealth
 + Level 1.2 Unarmed Combat
 + Level 2.1 Spellcasting
 + Level 1.9 Conjurations
 + Level 4.1 Fire Magic


You had one spell level left.
You knew the following spells:

 Your Spells              Type           Power        Failure   Level  Hunger
a - Flame Tongue          Conj/Fire      ##...        2%          1    #......
b - Conjure Flame         Conj/Fire      ##......     4%          3    ###....
c - Throw Flame           Conj/Fire      ##....       2%          2    ###....


Dungeon Overview and Level Annotations

Branches:
Dungeon (2/15)

Altars:
Dithmenos
Xom

Annotations:
D:2 Crazy Yiuf


Message History

Crazy Yiuf is almost dead.
Crazy Yiuf barely misses you.
Casting: Throw Flame
Confirm with . or Enter, or press ? or * to list all spells.
Aiming: Flame Tongue
Press: ? - help, Shift-Dir - straight line, f/p - Crazy Yiuf
Aim: Crazy Yiuf, wielding a quarterstaff of chaos, wearing a runed cloak and carrying a wand of frost {zapped: 8} (almost dead, unusually strong)
The flame tongue misses Crazy Yiuf.
Crazy Yiuf closely misses you.
Unknown command.
Level annotation: Crazy Yiuf Welcome back, Rebelfire the Hill Orc Fire Elementalist.
Press ? for a list of commands and other information.
You hit Crazy Yiuf but do no damage.
Crazy Yiuf is severely wounded.
Crazy Yiuf screams, "Ghoul King spinner!"
Crazy Yiuf zaps a wand.
The puff of frost hits you!
* * * LOW HITPOINT WARNING * * *
Crazy Yiuf laughs, "Shower meccalolo broken!"
Crazy Yiuf hits you with a quarterstaff of chaos!
You die...

#.#.#†..# #...
##...#..#####.##
##..###..#.....#
########..........#####
#..........###..###
#........#.# ##.#
#........#.####.##
#........#.##....#
####......@##.##....#
#........g.##.##...†#######
##.##.......##.##....#......
##...####.....#.........#####
#....# #.............###
##..## #.............# #..g.#
#.............# #.#.##
#......†......# ##.##
#..(..........#


You could see Crazy Yiuf.

Vanquished Creatures
  3 adders
  2 worms (D:2)
  2 giant geckos
  3 giant cockroaches
  4 hobgoblins
  8 jackals
  3 ball pythons (D:2)
  7 bats
  3 giant newts (D:2)
  5 goblins
  8 kobolds
  4 rats
52 creatures vanquished.

Notes
Turn   | Place    | Note
--------------------------------------------------------------
     0 | D:1      | Rebelfire, the Hill Orc Fire Elementalist, began the quest for the Orb.
     0 | D:1      | Reached XP level 1. HP: 14/14 MP: 2/2
     9 | D:1      | Found a shimmering altar of Xom.
   237 | D:1      | Reached XP level 2. HP: 20/20 MP: 1/3
  1130 | D:1      | Reached skill level 4 in Fire Magic
  1333 | D:1      | Reached XP level 3. HP: 26/26 MP: 3/5
  1360 | D:1      | Learned a level 3 spell: Conjure Flame
  1739 | D:2      | Reached XP level 4. HP: 27/33 MP: 1/7
  1750 | D:2      | Upgraded the game from 0.16-a0-3643-g096a701 to 0.16-a0-3661-g910cf96
  1773 | D:2      | Reached skill level 1 in Unarmed Combat
  1930 | D:2      | Learned a level 2 spell: Throw Flame
  1957 | D:2      | Found a shadowy altar of Dithmenos.
  2401 | D:2      | Noticed Crazy Yiuf
  2488 | D:2      | Upgraded the game from 0.16-a0-3661-g910cf96 to 0.16-a0-3699-g1c51eb1
  2489 | D:2      | Slain by Crazy Yiuf

Action                   |  1- 3 |  4- 6 || total
-------------------------+-------+-------++-------
Melee: Unarmed           |    98 |     7 ||   105
 Cast: Flame Tongue      |    58 |    12 ||    70
       Conjure Flame     |     2 |     1 ||     3
       Throw Flame       |       |    20 ||    20
  Eat: Chunk             |     2 |     1 ||     3
       Meat ration       |     1 |       ||     1
       Bread ration      |       |     1 ||     1
